 Dungeon Crawl Stone Soup version 0.17-a0-72-gd614ac0 (webtiles) character file.

5674 Chiseanne the Thaumaturge (level 10, 0/65 HPs)
             Began as an Octopode Wizard on Mar 13, 2015.
             Was an Initiate of Gozag.
             Slain by a vampire mosquito (10 damage)
             ... on level 10 of the Dungeon.
             The game lasted 00:47:10 (14856 turns).

Chiseanne the Thaumaturge (Octopode Wizard)        Turns: 14856, Time: 00:47:10

Health: 0/65       AC:  2    Str: 14    XL:     10   Next: 75%
Magic:  20/27      EV: 14    Int: 21    God:    Gozag
Gold:   244        SH:  0    Dex: 10    Spells: 7 memorised, 8 levels left

rFire  . . .     SeeInvis .     a - +5 quarterstaff (chaos)
rCold  + . .     Rnd*Rage +     (no shield)
rNeg   + . .     SustAb   .     b - +1 hat
rPois  .         Gourm    .     H - amulet of rage
rElec  .         Spirit   .     f - ring of flight
rCorr  .         Warding  .     Q - ring of stealth
rMut   .         Stasis   .     T - ring of protection from cold
MR     +....                    y - ring "Junel" {+Inv rN+ MR+ Str+4}
Stlth  +++++.....               (no ring)
                                (no ring)
                                (no ring)
                                (no ring)

@: very slightly contaminated, repel missiles, somewhat resistant to hostile
enchantments, quite stealthy
A: almost no armour, amphibious, 8 rings, constrict 8, camouflage 1, berserk 1,
gelatinous body 1
a: Potion Petition, Call Merchant, Bribe Branch, Renounce Religion, Evoke
Berserk Rage, Evoke Invisibility, Evoke Flight


You were on level 10 of the Dungeon.
You worshipped Gozag.
Gozag was noncommittal.
You were hungry.

You visited 3 branches of the dungeon, and saw 12 of its levels.
You also visited: Ossuary.

You collected 1854 gold pieces.
You spent 805 gold pieces at shops.
You paid 805 gold pieces to Gozag.

Inventory:

Hand weapons
 a - a +5 quarterstaff of chaos (weapon)
 e - the +8 shortbow of Cuoh {velocity, rC++ Str+6}
   (You took it off an orc on level 4 of the Dungeon)

   Any arrow fired from it inflicts extra damage.
   It affects your strength (+6).
   It greatly protects you from cold.
 w - a +3 blowgun
Missiles
 h - 162 arrows
 j - 21 bolts
 l - 15 arrows of dispersal
 n - 24 silver bolts
 p - 21 arrows of flame
 C - 2 throwing nets (quivered)
 L - 6 curare-tipped needles
 S - 17 bolts of flame
 V - 10 poisoned needles
Armour
 b - a +1 hat (worn)
 o - a cursed +0 shield
Jewellery
 f - a ring of flight (left tentacle)
 s - an uncursed amulet of stasis
 t - an uncursed amulet of resist mutation
 y - the ring "Junel" (on tentacle) {+Inv rN+ MR+ Str+4}
   (You bought it in a shop on level 10 of the Dungeon)

   [ring of strength]

   It affects your strength (+4).
   It protects you from negative energy.
   It affects your resistance to hostile enchantments.
   It lets you turn invisible.
 G - an uncursed ring of ice
 H - an amulet of rage (around mantle)
 Q - a ring of stealth (right tentacle)
 T - a ring of protection from cold (on tentacle)
Magical devices
 B - a wand of fire (0)
 N - a wand of invisibility (3)
Scrolls
 i - a scroll of recharging
 q - 3 scrolls of fog
 F - 3 scrolls of remove curse
 K - a scroll of amnesia
 M - a scroll of holy word
 P - 3 scrolls of blinking
Potions
 k - a potion of agility
 m - a potion of resistance
 r - 4 potions of mutation
 u - 2 potions of cure mutation
 v - 3 potions of haste
 x - a potion of poison {unknown}
 z - 3 potions of heal wounds {unknown}
 A - 2 potions of lignification
 D - a potion of restore abilities {unknown}
 E - 4 potions of brilliance
 I - a potion of berserk rage {unknown}
 J - a potion of might {unknown}
 O - 2 potions of curing
 R - a potion of magic {unknown}
Books
 c - a book of Minor Magic

   Spells                             Type                      Level
   a - Magic Dart                     Conjuration                  1
   b - Blink                          Translocation                2
   c - Call Imp                       Summoning                    2
   d - Repel Missiles                 Charms/Air                   2
   e - Slow                           Hexes                        2
   f - Conjure Flame                  Conjuration/Fire             3
   g - Mephitic Cloud                 Conjuration/Poison/Air       3
 U - a book of Maledictions

   Spells                             Type                      Level
   a - Corona                         Hexes                        1
   b - Sure Blade                     Hexes/Charms                 2
   c - Ensorcelled Hibernation        Hexes/Ice                    2
   d - Confuse                        Hexes                        3
   e - Dazzling Spray                 Conjuration/Hexes            3
   f - Enslavement                    Hexes                        4
 W - a book of Fire

   Spells                             Type                      Level
   a - Ignite Poison                  Fire/Transmutation           5
   b - Fireball                       Conjuration/Fire             5
   c - Bolt of Fire                   Conjuration/Fire             6
   d - Delayed Fireball               Conjuration/Fire             7
   e - Ring of Flames                 Charms/Fire                  7
 Y - a book of Hinderance

   Spells                             Type                      Level
   a - Confusing Touch                Hexes                        2
   b - Confuse                        Hexes                        3
   c - Petrify                        Transmutation/Earth          4
   d - Metabolic Englaciation         Hexes/Ice                    5
   e - Gell's Gravitas                Hexes/Translocation          5
   f - Summon Mana Viper              Hexes/Summoning              5
 Z - a book of Changes

   Spells                             Type                      Level
   a - Beastly Appendage              Transmutation                1
   b - Sticks to Snakes               Transmutation                2
   c - Spider Form                    Transmutation/Poison         3
   d - Ice Form                       Ice/Transmutation            4
   e - Blade Hands                    Transmutation                5
Miscellaneous
 X - an ornate deck of defence {drawn: 1}
Comestibles
 d - a bread ration
 g - 4 meat rations


   Skills:
 * Level 4.8 Fighting
 * Level 4.0 Bows
 * Level 6.6 Dodging
 - Level 4.7 Stealth
 * Level 9.2 Spellcasting
 * Level 8.4 Conjurations
   Level 1.0 Summonings
 - Level 1.0 Translocations


You had 8 spell levels left.
You knew the following spells:

 Your Spells              Type           Power        Failure   Level  Hunger
a - Magic Dart            Conj           ####         1%          1    None
b - Blink                 Tloc           N/A          10%         2    None
c - Repel Missiles        Chrm/Air       #.....       12%         2    None
d - Conjure Flame         Conj/Fire      ####....     3%          3    None
e - Mephitic Cloud        Conj/Pois/Air  ###.....     10%         3    None
f - Fireball              Conj/Fire      ####......   34%         5    #####..
g - Dazzling Spray        Conj/Hex       ####....     3%          3    None


Dungeon Overview and Level Annotations

Branches:
Dungeon (10/15)            Temple (1/1) D:7            Lair (1/8) D:9
    Orc: D:9-12

Altars:
Ashenzari
Cheibriados
Dithmenos
Elyvilon
Fedhas
Gozag
Kikubaaqudgha
Makhleb
Nemelex Xobeh
Okawaru
Qazlal
Sif Muna
Trog
Vehumet
Xom
Yredelemnul
Zin
The Shining One

Shops:
D:5 }   D:6 %   D:10 =


Innate Abilities, Weirdness & Mutations

You cannot wear most types of armour.
You are amphibious.
You can wear up to eight rings at the same time.
You can use your tentacles to constrict many enemies at once.
Your skin changes colour to match your surroundings (Stealth).
Your rubbery body absorbs attacks (AC +1).
You tend to lose your temper in combat.


Message History

The vampire mosquito closely misses you.
The vampire mosquito bites you!
Casting: Blink
Confirm with . or Enter, or press ? or * to list all spells.
You miscast Blink.
You catch a glimpse of the back of your own head.
The vampire mosquito bites you but does no damage.
The vampire mosquito bites you.
* * * LOW HITPOINT WARNING * * *
The vampire mosquito completely misses you.
The vampire mosquito closely misses you.
The vampire mosquito barely misses you. The vampire mosquito bites you!
* * * LOW HITPOINT WARNING * * *
Casting: Blink
Confirm with . or Enter, or press ? or * to list all spells.
You blink.
The vampire mosquito closely misses you.
The vampire mosquito bites you!
You die...
Your body crumbles into a pile of gold.

....## #.##...#.# ##.##
#........# #># ####....## #.#
##.#.# ##'## ###.# ##.ยง.##
###.# # ##.....## ###...# ...
##.....y.## ##.#...#
#(...####......y@.####......#
...y....$......y..'........##
.#...####.........####...#.#
## ##.......## ##.##.#
##.....## ####.# ##...## #.#
##+## #.# .


You could see 3 vampire mosquitoes.

Vanquished Creatures
  A hill giant (D:8)
  The ghost of Chiseanne the Magician, an experienced OpWz (D:5)
  A troll (D:9)
  2 yaks (D:9)
  A deep elf fighter (D:9)
  2 hippogriffs (D:9)
  2 hungry ghosts
  A vampire mosquito (D:10)
  2 ogres
  2 water moccasins
  5 orc warriors
  A black bear (D:7)
  An ice beast (D:9)
  A phantom (D:6)
  3 centaurs
  2 crocodiles (D:9)
  7 giant frogs
  2 big kobolds (D:9)
  3 scorpions
  3 centaur zombies (Ossuary)
  2 jellies
  A quasit (D:8)
  A goliath beetle (D:6)
  5 crimson imps
  A giant frog zombie (D:7)
  Crazy Yiuf (D:3)
  2 orc priests
  4 iguanas
  4 orc wizards
  2 giant frog skeletons (D:9)
  A gnoll shaman (D:9)
  3 hounds
  5 worker ants
  A killer bee zombie (D:10)
  A big kobold zombie (Ossuary)
  A hound zombie (D:8)
  5 mummies (Ossuary)
  2 gnolls (D:9)
  A river rat (D:9)
  6 adders
  A giant mite (D:4)
  A worm (D:3)
  3 shadow imps
  An adder skeleton (D:4)
  11 giant geckos
  2 oozes
  28 orcs
  30 bats
  2 bat skeletons
  A bat zombie (D:5)
  25 hobgoblins
  19 jackals
  9 quokkas
  3 ball pythons
  7 giant cockroaches
  5 giant newts
  3 giant spores
  9 goblins
  2 hobgoblin zombies (Ossuary)
  23 kobolds
  2 quokka skeletons (D:4)
  22 rats
  8 ballistomycetes
  21 fungi
  14 plants (D:9)
344 creatures vanquished.

Vanquished Creatures (others)
  A hound (D:7)
  2 bats (D:9)
  6 fungi (D:9)
9 creatures vanquished.

Grand Total: 353 creatures vanquished

Notes
Turn   | Place    | Note
--------------------------------------------------------------
     0 | D:1      | Chiseanne, the Octopode Wizard, began the quest for the Orb.
     0 | D:1      | Reached XP level 1. HP: 11/11 MP: 4/4
   388 | D:1      | Reached XP level 2. HP: 10/17 MP: 1/6
   941 | D:1      | Reached XP level 3. HP: 21/21 MP: 0/8
  2734 | D:2      | Reached XP level 4. HP: 27/27 MP: 2/10
  2839 | D:2      | Learned a level 2 spell: Blink
  2842 | D:2      | Learned a level 2 spell: Repel Missiles
  2846 | D:2      | Learned a level 3 spell: Conjure Flame
  2924 | D:2      | Reached skill level 1 in Fighting
  3785 | D:3      | Found a snail-covered altar of Cheibriados.
  3929 | D:3      | Found an opulent altar of Gozag.
  3936 | D:3      | Became a worshipper of Gozag Ym Sagoz the Greedy
  4107 | D:3      | Reached skill level 4 in Spellcasting
  4118 | D:3      | Learned a level 3 spell: Mephitic Cloud
  4152 | D:3      | Reached XP level 5. HP: 2/33 MP: 3/13
  4601 | D:3      | Noticed Crazy Yiuf
  4620 | D:3      | Killed Crazy Yiuf
  5095 | D:4      | Reached XP level 6. HP: 18/38 MP: 15/15
  5265 | D:4      | Got a crystal shortbow
  6218 | D:5      | Entered Level 5 of the Dungeon
  6346 | D:5      | Noticed Chiseanne's ghost (experienced OpWz)
  6404 | D:5      | Killed Chiseanne's ghost
  6404 | D:5      | Reached skill level 5 in Spellcasting
  6404 | D:5      | Reached XP level 7. HP: 30/45 MP: 13/18
  6517 | D:5      | Found Surapt's Gadget Shoppe.
  6823 | D:5      | Identified the +8 shortbow of Cuoh {velocity, rC++ Str+6} (You took it off an orc on level 4 of the Dungeon)
  7155 | D:5      | Noticed a hungry ghost
  7165 | D:5      | Killed a hungry ghost
  7165 | D:5      | Reached XP level 8. HP: 48/51 MP: 10/20
  7223 | D:5      | Found a radiant altar of Vehumet.
  7389 | D:5      | Found a white marble altar of Elyvilon.
  7391 | D:5      | Found an iron altar of Okawaru.
  7927 | D:6      | Reached skill level 1 in Bows
  8167 | D:6      | Reached skill level 6 in Spellcasting
  8167 | D:6      | Reached skill level 5 in Conjurations
  8434 | D:6      | Found Famaecsi's Food Emporium.
  8442 | D:6      | Bought a beef jerky for 21 gold pieces
  8442 | D:6      | Bought a royal jelly for 28 gold pieces
  8442 | D:6      | Bought 5 fruits for 105 gold pieces
  8442 | D:6      | Bought a beef jerky for 21 gold pieces
  8442 | D:6      | Bought a beef jerky for 21 gold pieces
  9571 | D:7      | Reached XP level 9. HP: 56/56 MP: 23/23
  9590 | D:7      | Found a blossoming altar of Fedhas.
  9646 | D:7      | Found a sand-covered staircase.
  9658 | Ossuary  | Entered an ossuary
  9669 | Ossuary  | Reached skill level 7 in Spellcasting
  9754 | Ossuary  | Learned a level 5 spell: Fireball
 10408 | D:7      | Reached skill level 5 in Dodging
 10640 | D:7      | Found a staircase to the Ecumenical Temple.
 10685 | Temple   | Entered the Ecumenical Temple
 11600 | D:8      | Noticed a hill giant
 11747 | D:8      | Killed a hill giant
 11747 | D:8      | Reached skill level 8 in Spellcasting
 12151 | D:8      | Reached XP level 10. HP: 63/63 MP: 26/26
 12260 | D:9      | Found a blossoming altar of Fedhas.
 12320 | D:9      | Found a blossoming altar of Fedhas.
 12536 | D:9      | Gained mutation: You tend to lose your temper in combat. [mutagenic glow]
 13176 | D:9      | Learned a level 3 spell: Dazzling Spray
 13455 | D:9      | Found a staircase to the Lair.
 14024 | D:9      | Reached skill level 9 in Spellcasting
 14689 | Lair:1   | Entered Level 1 of the Lair of Beasts
 14766 | D:10     | Entered Level 10 of the Dungeon
 14780 | D:10     | Found Placoss' Jewellery Emporium.
 14783 | D:10     | Bought the ring "Junel" {+Inv rN+ MR+ Str+4} for 609 gold pieces
 14856 | D:10     | Slain by a vampire mosquito

Action                   |  1- 3 |  4- 6 |  7- 9 | 10-12 || total
-------------------------+-------+-------+-------+-------++-------
Melee: Short sword       |    47 |    39 |       |       ||    86
       Quarterstaff      |       |    28 |    79 |   192 ||   299
       Spear             |       |     2 |       |       ||     2
 Fire: Shortbow          |       |       |     7 |    14 ||    21
       Blowgun           |       |       |       |     7 ||     7
 Cast: Magic Dart        |   103 |   155 |   258 |   173 ||   689
       Repel Missiles    |       |     1 |     1 |     2 ||     4
       Mephitic Cloud    |       |     3 |     9 |    16 ||    28
       Blink             |       |       |     2 |    11 ||    13
       Conjure Flame     |       |       |     9 |       ||     9
       Dazzling Spray    |       |       |       |     6 ||     6
Invok: Call Merchant     |       |       |       |     1 ||     1
Evoke: Wand              |       |       |     5 |     6 ||    11
       Deck              |       |       |       |     1 ||     1
  Use: Scroll            |     3 |     8 |    11 |     7 ||    29
       Potion            |       |     3 |       |       ||     3
 Stab: Sleeping          |     1 |     3 |     2 |       ||     6
       Paralysed         |       |       |     1 |       ||     1
       Confused          |       |       |       |     1 ||     1
  Eat: Chunk             |     5 |     4 |       |       ||     9
       Fruit             |       |     3 |     5 |       ||     8
       Bread ration      |       |     1 |     2 |     2 ||     5
       Beef jerky        |       |     1 |     3 |       ||     4
       Royal jelly       |       |       |     1 |       ||     1
       Pizza             |       |       |     1 |       ||     1
